Map: [ESL] Moondance

Players

Scarlett

  • Race: Zerg Zerg
  • Spawn Location: 12:00

herO - Winner!

  • Race: Protoss Protoss
  • Spawn Location: 6:00

Event: DreamHack SC2 Masters 2022 Valencia

VOD

Have the link to the VOD?

Description

Time

  • Played on: July 1, 2022, 4:18 p.m.
  • Length: 12:00

All games in this series

Show
View Real Time Build Order
Export as new Build Order

Scarlett Zerg 

Build Orders: Hatch First 

Get SALT Encoding   

  12  0:00  Drone  
  13  0:12  Overlord  
  13  0:16  Drone  
  14  0:30  Drone x2  
  16  0:47  Hatchery  
  15  0:50  Drone  
  15  0:54  Drone  
  18  0:57  Drone  
  18  1:08  Extractor  
  17  1:12  Spawning Pool  
  17  1:15  Drone  
  17  1:19  Drone  
  18  1:27  Drone  
  19  1:38  Drone  
  20  1:49  Drone  
  21  1:59  Queen x2  
  21  2:01  Drone x2  
  27  2:10  Overlord  
  27  2:11  Metabolic Boost  
  27  2:12  Zergling x2  
  28  2:26  Hatchery  
  28  2:29  Zergling x2  
  28  2:30  Zergling x2  
  29  2:37  Queen  
  31  2:44  Overlord  
  31  2:45  Zergling x2  
  31  2:49  Zergling x2  
  33  2:54  Drone x3  
  36  3:04  Drone x2  
  38  3:09  Drone x3  
  38  3:11  Queen  
  43  3:19  Drone  
  44  3:25  Overlord  
  44  3:35  Queen  
  40  3:45  Drone x7  
  47  3:52  Drone  
  47  3:53  Drone  
  49  3:58  Drone, Overlord  
  49  4:02  Spore Crawler  
  49  4:09  Drone x3  
  51  4:11  Spore Crawler  
  48  4:17  Drone x3  
  48  4:22  Drone x3  
  54  4:30  Drone x4  
  58  4:34  Zergling x4  
  58  4:36  Zergling x2  
  58  4:38  Spore Crawler  
  60  4:41  Zergling x2  
  60  4:44  Queen  
  63  4:50  Evolution Chamber  
  62  4:59  Overlord, Drone x4  
  66  5:06  Drone  
  66  5:07  Overlord  
  65  5:14  Roach Warren  
  65  5:15  Drone, Overlord  
  65  5:20  Drone x7  
  72  5:24  Zerg Melee Weapons Level 1  
  72  5:25  Overlord  
  71  5:29  Overlord  
  71  5:31  Drone x3  
  74  5:35  Extractor  
  74  5:36  Extractor  
  74  5:37  Lair  
  72  5:43  Drone x5  
  72  5:46  Overlord  
  77  5:52  Overlord, Drone x4  
  77  5:53  Extractor  
  77  5:54  Roach  
  82  5:57  Roach  
  82  5:58  Roach  
  82  6:02  Roach  
  82  6:03  Roach x2  
  92  6:08  Roach x2  
  96  6:13  Roach  
  96  6:14  Roach  
  96  6:16  Hatchery  
  99  6:29  Drone  
  99  6:30  Extractor, Drone x3  
  102  6:33  Drone x6  
  102  6:34  Drone  
  102  6:35  Baneling Nest  
  102  6:36  Drone x2  
  102  6:38  Evolution Chamber  
  102  6:39  Queen  
  111  6:42  Overseer  
  111  6:45  Drone x3  
  114  6:48  Roach x3  
  120  7:00  Zergling x2  
  121  7:02  Spore Crawler, Overlord  
  121  7:03  Overlord x4  
  120  7:10  Zerg Ground Armor Level 1  
  120  7:16  Overlord  
  120  7:20  Centrifugal Hooks, Zerg Melee Weapons Level 2  
  120  7:27  Drone  
  121  7:30  Drone x2  
  121  7:32  Drone  
  121  7:33  Drone x3  
  121  7:34  Extractor, Zergling x2, Hatchery  
  121  7:35  Zergling x8  
  121  7:37  Glial Reconstitution  
  130  7:39  Zergling x10  
  130  7:42  Ravager x5  
  130  7:43  Zergling x4  
  141  7:49  Zergling x10  
  146  7:54  Extractor  
  146  7:55  Zergling x8  
  149  8:02  Zergling x8  
  149  8:03  Infestation Pit  
  152  8:08  Zergling x2  
  153  8:13  Overlord x7  
  153  8:27  Baneling x11  
  153  8:36  Zergling x22  
  162  8:45  Hive  
  159  8:48  Zergling x6  
  159  8:49  Zergling x12  
  168  8:59  Zergling x8  
  168  9:00  Queen, Hatchery  
  159  9:10  Zergling x12  
  147  9:18  Zergling x16  
  147  9:23  Drone x2  
  147  9:30  Zergling x8  
  147  9:33  Ravager  
  147  9:35  Baneling x5  
  144  9:38  Zergling x10  
  144  9:39  Zergling x4  
  137  9:46  Zergling x22  
  142  9:53  Spore Crawler  
  142  9:54  Zergling x8  
  142  9:57  Baneling x8  
  136  10:00  Zergling x2  
  127  10:11  Adrenal Glands  
  127  10:12  Ultralisk Cavern, Zergling x32  
  131  10:17  Zergling x6  
  134  10:25  Drone x6  
  140  10:31  Zergling x2  
  140  10:32  Ravager x3  
  143  10:35  Drone  
  143  10:36  Drone x3  
  143  10:37  Drone  
  143  10:39  Zergling x12  
  143  10:41  Zergling x4  
  143  10:42  Zergling x2  
  157  10:46  Zergling x10  
  160  10:53  Zergling x8  
  146  10:57  Zergling x8  
  146  11:01  Roach x2  
  138  11:04  Roach x5  
  138  11:05  Baneling x2  
  138  11:06  Baneling x2  
  138  11:07  Baneling x4  
  147  11:16  Roach x6  
  146  11:23  Hatchery  
  151  11:35  Zergling x14  
Show
View Real Time Build Order
Export as new Build Order

herO Protoss - Winner!

Build Orders: 1 Gate Expand, Double Forge, Oracle Opening 

Get SALT Encoding   

  12  0:00  Probe  
  13  0:12  Probe  
  14  0:17  Pylon  
  14  0:24  Probe  
  15  0:35  Gateway  
  15  0:36  Probe (Chrono Boost)  
  16  0:43  Assimilator  
  16  0:49  Probe (Chrono Boost)  
  17  0:55  Probe (Chrono Boost)  
  18  1:03  Probe  
  19  1:15  Probe  
  20  1:22  Cybernetics Core  
  20  1:33  Nexus  
  20  1:40  Pylon  
  20  1:45  Assimilator  
  20  1:48  Probe  
  21  1:55  Adept (Chrono Boost)  
  21  2:00  Probe  
  24  2:13  Probe  
  24  2:14  Stargate  
  25  2:16  Adept (Chrono Boost)  
  27  2:25  Probe  
  27  2:28  Warp Gate  
  28  2:37  Probe  
  28  2:38  Adept  
  31  2:45  Probe  
  31  2:49  Probe  
  33  2:57  Probe  
  33  2:58  Oracle (Chrono Boost)  
  34  3:01  Probe  
  38  3:06  Pylon  
  38  3:09  Probe  
  39  3:13  Probe  
  40  3:20  Gateway  
  40  3:21  Probe  
  40  3:25  Probe  
  42  3:29  Oracle (Chrono Boost)  
  42  3:33  Probe  
  46  3:37  Probe  
  47  3:46  Probe  
  45  3:49  Probe  
  46  3:56  Oracle (Chrono Boost)  
  46  3:59  Nexus  
  49  4:05  Pylon  
  49  4:07  Probe x2  
  51  4:16  Assimilator  
  51  4:17  Assimilator  
  51  4:18  Adept  
  51  4:23  Twilight Council  
  53  4:26  Probe x2  
  53  4:27  Adept  
  57  4:32  Pylon  
  57  4:46  Forge  
  57  4:48  Forge  
  57  4:50  Probe x2  
  59  4:59  Gateway  
  59  5:01  Gateway  
  59  5:02  Probe x2 (Chrono Boost)  
  58  5:12  Blink  
  61  5:15  Sentry x2, Probe x3 (Chrono Boost)  
  65  5:22  Probe x2 (Chrono Boost)  
  65  5:23  Probe (Chrono Boost)  
  65  5:28  Probe (Chrono Boost)  
  68  5:29  Probe x2  
  68  5:34  Gateway  
  68  5:35  Gateway  
  71  5:36  Protoss Ground Weapons Level 1 (Chrono Boost), Protoss Ground Armor Level 1 (Chrono Boost)  
  71  5:44  Probe  
  71  5:45  Probe x2  
  71  5:49  Stalker  
  76  5:51  Pylon  
  76  5:59  Nexus  
  76  6:06  Pylon  
  76  6:11  Stalker x3  
  76  6:12  Probe  
  76  6:14  Probe  
  76  6:15  Probe  
  85  6:21  Pylon  
  85  6:26  Probe, Shield Battery  
  85  6:27  Probe  
  85  6:28  Probe  
  88  6:37  Gateway  
  88  6:39  Gateway x2  
  88  6:44  Probe x3  
  88  6:46  Gateway  
  91  6:47  Stalker  
  91  6:48  Stalker  
  95  6:54  Pylon  
  95  6:56  Probe  
  95  6:57  Photon Cannon  
  96  7:01  Stalker  
  96  7:03  Probe x2  
  96  7:08  Probe  
  101  7:09  Pylon  
  101  7:12  Pylon  
  101  7:13  Pylon  
  101  7:15  Shield Battery  
  101  7:16  Stalker x2, Protoss Ground Armor Level 2 (Chrono Boost)  
  101  7:18  Charge (Chrono Boost)  
  105  7:34  Stalker x4  
  113  7:37  Protoss Ground Weapons Level 2 (Chrono Boost)  
  113  7:41  Gateway  
  113  7:47  Pylon  
  113  7:50  Stalker  
  113  7:51  Stalker x4  
  123  8:00  Nexus  
  123  8:03  Pylon  
  123  8:05  Probe x3  
  126  8:07  Photon Cannon  
  126  8:09  Shield Battery  
  126  8:17  Zealot x6  
  138  8:23  Zealot x3  
  144  8:28  Zealot  
  146  8:37  Photon Cannon  
  146  8:44  Zealot x2  
  146  8:45  Zealot x7  
  164  8:52  Templar Archives  
  164  9:01  Pylon  
  164  9:03  Pylon  
  164  9:06  Pylon  
  164  9:08  Pylon  
  132  9:19  Zealot x11  
  142  9:25  Probe  
  142  9:26  Probe x2  
  133  9:42  Zealot  
  133  9:43  Zealot x10  
  119  10:05  High Templar x7, Zealot x4  
  141  10:09  Archon x3  
  123  10:18  Nexus  
  123  10:20  Pylon  
  121  10:28  High Templar, Zealot x3  
  121  10:29  Pylon  
  121  10:32  Archon  
  129  10:37  Stalker x4  
  129  10:38  Zealot x3  
  133  11:01  Zealot x11  
  141  11:08  Gateway  
  141  11:10  Photon Cannon  
  141  11:12  Shield Battery, Gateway  
  141  11:14  Photon Cannon  
  139  11:22  Stalker x9  
  139  11:23  Stalker  
  127  11:51  Zealot x11  

Tags
 
Add a new tag
Caveats
  • Supply blocks, unpowered buildings, or Contaminate may cause inaccurate times.
  • Supply counts are checked every 10 seconds.